AoeStats
← LisanAlGaib16

Lombardia

509668663Analyzed
2v2 RM · 4d ago on Sep 27, 2026· 41m 25s· 4 players
Game mode
Random Map
Map size
Medium (4 player)
Population
200
Speed
Normal
Resources
Standard
Victory
Conquest
Starting age
Dark Age
Ending age
Imperial Age
RankedLock teamsTeams togetherTeam positionsShared explorationLock speedFull tech treeHidden civsTurbo modeCheats
Victory
Defeat
🇺🇸 Persians · United States
755
+12
🇬🇷 Romans · Greece
597
+18
🇪🇸 Spanish · Spain
664
-15
🇪🇸 Celts · Spain
663
-15
Sergi
19:03 Feudal Age
23:34 Castle Age
21:25 Loom
22:16 Wheelbarrow
21:30 Loom
21:39 Double-Bit Axe
22:13 Gold Mining
22:09 Horse Collar
22:22 Man-at-Arms
25:59 Husbandry
27:34 Bow Saw
27:44 Long Swordsman
28:12 Gambesons
29:16 Heavy Plow
29:09 Stone Mining
31:05 Forging
30:55 Scale Mail Armor
34:45 Hand Cart
38:22 Pikeman
Sergiio21
11:20 Feudal Age
11:53 Double-Bit Axe
16:15 Horse Collar
17:11 Loom
19:29 Castle Age
17:35 Gold Mining
19:20 Stone Mining
20:32 Husbandry
21:27 Stone Shaft Mining
21:27 Bow Saw
21:20 Heavy Plow
24:02 Forging
23:58 Scale Barding Armor
31:37 Imperial Age
29:47 Wheelbarrow
33:03 Iron Casting
32:48 Chain Barding Armor
31:55 Elite Conquistador
32:59 Conscription
32:46 Cavalier
34:37 Ballistics
36:53 Chemistry
35:45 Paladin
zataras10
0:49 Loom
13:18 Feudal Age
18:19 Castle Age
28:33 Double-Bit Axe
33:31 Imperial Age
38:02 Pikeman
38:42 Squires
LisanAlGaib16
7:11 Loom
9:56 Feudal Age
10:21 Double-Bit Axe
10:57 Horse Collar
13:37 Wheelbarrow
19:12 Castle Age
17:30 Gold Mining
20:06 Bow Saw
19:59 Heavy Plow
23:04 Town Watch
24:25 Stone Mining
27:21 Fletching
28:54 Hand Cart
32:55 Imperial Age
30:50 Kamandaran
30:38 Crossbowman
31:59 Padded Archer Armor
32:29 Husbandry
33:03 Thumb Ring
33:41 Bodkin Arrow
34:43 Leather Archer Armor
34:55 Conscription
35:27 Crop Rotation
37:15 Ring Archer Armor
36:14 Cavalier
37:18 Forging
37:53 Gold Shaft Mining
37:54 Citadels
38:04 Scale Barding Armor
38:29 Bloodlines
39:45 Iron Casting
40:34 Ballistics
41:15 Chemistry
41:44 Chain Barding Armor
Connection lost

Rejoining the realm…

Still unreachable

The connection could not be restored.

Session expired

The server has moved on; the page needs a fresh start.